 Dungeon Crawl Stone Soup version 0.21-a0-509-gecc5317 (webtiles) character file.

1145 ituv the Slasher (level 8, -1/61 HPs)
             Began as a Mummy Monk on Nov 30, 2017.
             Was an Elder of Okawaru.
             Slain by a scorpion (6 damage)
             ... on level 7 of the Dungeon.
             The game lasted 00:09:46 (5441 turns).

ituv the Slasher (Mummy Monk)                       Turns: 5441, Time: 00:09:47

Health: -1/61      AC:  8    Str: 19    XL:     8   Next: 15%
Magic:  10/10      EV: 13    Int:  9    God:    Okawaru [****..]
Gold:   360        SH:  0    Dex: 20    Spells: 7/7 levels left

rFire    x . .     SeeInvis .   g - +4 Vampire's Tooth {vamp}
rCold    + . .     Gourm    .   (no shield)
rNeg     + + +     Faith    .   p - +0 ring mail
rPois    ∞         Spirit   .   (no helmet)
rElec    .         Reflect  .   l - +1 cloak
rCorr    .         Harm     .   (no gloves)
MR       +....                  h - +0 pair of boots
Stlth    ++........             e - amulet of magic regeneration
HPRegen  0.20/turn              f - +2 ring of strength
MPRegen  0.37/turn              j - +6 ring of dexterity

@: no status effects
A: no food or potions, fire vulnerability, cold resistance 1, negative energy
resistance 3, torment resistance, unbreathing
a: Heroism, Renounce Religion


You were on level 7 of the Dungeon.
You worshipped Okawaru.
Okawaru was greatly pleased with you.
You were not hungry.

You visited 1 branch of the dungeon, and saw 7 of its levels.

You collected 360 gold pieces.

Inventory:

Hand Weapons
 g - the +4 Vampire's Tooth (weapon) {vamp}
   (You found it on level 5 of the Dungeon)

   It inflicts no extra harm, but heals its wielder when it wounds a living foe.
Missiles
 q - 49 bolts
Armour
 h - a +0 pair of boots (worn)
 l - a +1 cloak (worn)
 p - a +0 ring mail (worn)
Jewellery
 d - an uncursed ring of wizardry
 e - an amulet of magic regeneration (around neck)
 f - a +2 ring of strength (left hand)
 j - a +6 ring of dexterity (right hand)
 r - an uncursed ring of flight
 t - the macabre finger necklace {rN+}
   (You found it on level 6 of the Dungeon)

   [amulet of nothing]

   It protects you from negative energy.
Wands
 i - a wand of flame (34)
 o - a wand of paralysis (11)
Scrolls
 a - a scroll of identify
 b - a scroll of brand weapon
 c - 2 scrolls of blinking
 k - 4 scrolls of remove curse
Books
 s - a book of Geomancy

   Spells                             Type                      Level
   a - Sandblast                      Earth                        1
   b - Passwall                       Transmutation/Earth          2
   c - Stone Arrow                    Conjuration/Earth            3
   d - Petrify                        Transmutation/Earth          4
   e - Lee's Rapid Deconstruction     Earth                        5


   Skills:
 + Level 4.4 Fighting
 * Level 3.3(4.6) Short Blades
   Level 5.0(5.5) Long Blades
 + Level 2.6 Armour
 + Level 3.5 Dodging
 - Level 1.7 Stealth
 * Level 3.0 Invocations


You had 7 spell levels left.
You didn't know any spells.

Dungeon Overview and Level Annotations

Branches:
Dungeon (7/15)             Temple (0/1) D:5

Altars:
Ashenzari
Cheibriados
Dithmenos
Fedhas
Gozag
Hepliaklqana
Okawaru
Vehumet
Wu Jian
Xom

Shops:
D:4 =


Innate Abilities, Weirdness & Mutations

You do not eat or drink.
Your flesh is vulnerable to fire.
You are immune to poison.
Your flesh is cold resistant. (rC+)
You are immune to negative energy. (rN+++)
You are immune to unholy pain and torment.
You can survive without breathing.


Message History

The crimson imp hits you but does no damage.
The crimson imp hits you but does no damage.
The crimson imp blinks!
The crimson imp shouts, "Begone, thou gleeking motley-minded scut!"
The crimson imp blinks!
You hear the faint creaking of a distant portcullis.
A scorpion comes into view.
The scorpion moves out of view.
You see here a quokka corpse.
The scorpion stings you!
* * * LOW HITPOINT WARNING * * *
The scorpion stings you!
* * * LOW HITPOINT WARNING * * *
You see here 2 arrows.
You closely miss the scorpion. The scorpion stings you.
* * * LOW HITPOINT WARNING * * *
You hit the scorpion but do no damage.
The scorpion stings you but does no damage.
You hit the scorpion but do no damage. The scorpion stings you.
You die...

,,,,*,,,,,,.....* #>....# *,,
,,,,*,,,,,,,....####.....# *,,
**,,*,,,,,*+***#...)#+#### ***
**,,***+***,,,,#....#,,,*
,,,,*,,,,,,,,,,+....#,,,* ***
,,,,*,,,,#######....#,,,* *,****
,,,,*,,,,#.....(....#,,*****,,,,,
***+######..........#,,**,,*,,,,,
**,,#......†....@...#,,,,,,*,,,,,
,,,,#..........s..(.#,,,,,,*,,,,,
,,,,#.....###+##...(########****,
**,,#.....#,,,,#..<........#*,***
**,,#(....#,,,,##+##.).....#,,,,,
****+.....#,,,,**,,#.......#,,,,,
*,,*#(....#,,,,**,,+.......+,,,,,
*,,*#(....#,,,,**,,#.......#*+***
',,*#(....#,,,,**,,#..........,,,


You could see a scorpion.

Vanquished Creatures
  A sky beast (D:4)
  2 centaurs
  2 ogres
  A howler monkey (D:7)
  2 vampire bats (D:5)
  A crimson imp (D:6)
  A bullfrog zombie (D:5)
  2 hounds
  2 orc priests
  A jelly (D:5)
  A bullfrog skeleton (D:5)
  5 orc wizards
  3 worker ants
  A hound skeleton (D:4)
  A howler monkey zombie (D:6)
  3 adders
  An ooze (D:3)
  A worm (D:2)
  4 dart slugs
  7 leopard geckos
  9 orcs
  2 giant cockroaches
  7 goblins
  9 hobgoblins
  2 jackals (D:1)
  6 kobolds
  4 quokkas
  2 ball pythons
  12 bats
  9 frilled lizards
  4 rats
108 creatures vanquished.

Notes
Turn   | Place    | Note
-------+----------+-------------------------------------------
     0 | D:1      | ituv the Mummy Monk began the quest for the Orb.
     0 | D:1      | Reached XP level 1. HP: 18/18 MP: 1/1
   184 | D:1      | Reached XP level 2. HP: 19/24 MP: 2/2
   510 | D:2      | Reached skill level 3 in Long Blades
   510 | D:2      | Reached XP level 3. HP: 29/29 MP: 3/3
  1287 | D:2      | Found a shadowy altar of Dithmenos.
  1351 | D:2      | Found an iron altar of Okawaru.
  1359 | D:2      | Became a worshipper of Warmaster Okawaru
  1359 | D:2      | Reached * piety under Okawaru
  1359 | D:2      | Reached ** piety under Okawaru
  1829 | D:3      | Reached XP level 4. HP: 32/35 MP: 4/4
  2116 | D:3      | Found a radiant altar of Vehumet.
  2270 | D:3      | Found a shattered altar of Ashenzari.
  2644 | D:3      | Found a shimmering altar of Xom.
  2656 | D:3      | Found a shimmering altar of Xom.
  2656 | D:3      | Found a shimmering altar of Xom.
  2830 | D:4      | Noticed an ogre
  2875 | D:4      | Killed an ogre
  2875 | D:4      | Reached skill level 4 in Long Blades
  2875 | D:4      | Reached skill level 1 in Invocations
  2875 | D:4      | Reached XP level 5. HP: 16/42 MP: 5/5
  3362 | D:4      | Found a snail-covered altar of Cheibriados.
  3492 | D:4      | Found Umiuro's Jewellery Emporium.
  3584 | D:4      | Noticed a sky beast
  3603 | D:4      | Killed a sky beast
  3603 | D:4      | Reached XP level 6. HP: 24/48 MP: 5/7
  3838 | D:4      | Found an ornate altar of the Wu Jian Council.
  3877 | D:5      | Entered Level 5 of the Dungeon
  3886 | D:5      | Found the +4 Vampire's Tooth {vamp}
  3895 | D:5      | Reached skill level 1 in Armour
  3902 | D:5      | Reached *** piety under Okawaru
  3902 | D:5      | Reached skill level 5 in Long Blades
  4257 | D:5      | Reached XP level 7. HP: 51/54 MP: 8/8
  4304 | D:5      | Found a hazy altar of Hepliaklqana.
  4337 | D:5      | Found a staircase to the Ecumenical Temple.
  4526 | D:5      | Found a blossoming altar of Fedhas.
  4595 | D:5      | Reached skill level 1 in Short Blades
  4987 | D:6      | Found an opulent altar of Gozag.
  4998 | D:6      | Found the macabre finger necklace {rN+}
  5381 | D:7      | Reached XP level 8. HP: 51/61 MP: 10/10
  5387 | D:7      | Reached **** piety under Okawaru
  5441 | D:7      | Slain by a scorpion

Vault maps used:
D:1:      scummos_arrival_simple_fountains
D:2:      marbit_many_paths, nicolae_dithmenos_through_a_glass_darkly,
          minmay_strange_pillars
D:3:      cheibrodos_ashenzari_chains, lemuel_crystal_altar, xom_redecorated
D:4:      kennysheep_slug_shrine, lemuel_round_altar, serial_shops,
          nicolae_shop_crystal
D:5:      lemuel_doored_altar, lemuel_crystal_altar,
          minmay_temple_entry_statues_fountains, first_bread,
          minmay_guarded_unrand_vampires_tooth
D:6:      old_standard_altar
D:7:      kennysheep_mini_moat, elyvilon_altar_4,
          nemelex_xobeh_ov_fountains_minmay, kennysheep_mini, enter_bailey_7,
          grunt_livestock, uniq_pikel

Skill      XL: |  1  2  3  4  5  6  7  8 |
---------------+-------------------------+-----
Long Blades    | 3 4 5 |  5.0
Dodging        | 3 |  3.5
Invocations    | 1 2 3 |  3.0
Armour         | 1 2 |  2.6
Fighting       | 4 |  4.4
Short Blades   | 2 3 |  3.3
Stealth        | |  1.7

Action                   |  1- 3 |  4- 6 |  7- 9 || total
-------------------------+-------+-------+-------++-------
Melee: Falchion          |   140 |   130 |       ||   270
       Punch             |       |     1 |       ||     1
       Dagger            |       |    40 |   153 ||   193
Invok: Heroism           |       |     2 |       ||     2
  Use: Scroll            |       |     9 |     3 ||    12
 Stab: Sleeping          |     7 |     3 |     1 ||    11
Armor: Robe              |    34 |     3 |       ||    37
       Ring mail         |       |    67 |    47 ||   114
Dodge: Dodged            |   109 |   104 |   102 ||   315
       Rpst.: Falchion   |    35 |    26 |       ||    61

Table legend:
 A = Spawn XP
 B = Non-spawn XP
 C = Spawn XP percentage of total XP
 D = Spawn monster count
 E = Non-spawn monster count
 F = Spawn count percentage of total count
 G = Total turns spent on level
                    A         B        C        D         E        F      G
               +---------+---------+-------+---------+---------+-------+---------
         Total |       0 |    1636 |   0.0 |       0 |     108 |   0.0 |  5441
               +---------+---------+-------+---------+---------+-------+---------
           D:1 |       0 |      33 |   0.0 |       0 |      17 |   0.0 |   649
           D:2 |       0 |      56 |   0.0 |       0 |      22 |   0.0 |  1155
           D:3 |       0 |      72 |   0.0 |       0 |      23 |   0.0 |  1011
           D:4 |       0 |     382 |   0.0 |       0 |      10 |   0.0 |  1333
           D:5 |       0 |     451 |   0.0 |       0 |      18 |   0.0 |   673
           D:6 |       0 |     279 |   0.0 |       0 |      11 |   0.0 |   398
           D:7 |       0 |     363 |   0.0 |       0 |       7 |   0.0 |   222
               +---------+---------+-------+---------+---------+-------+---------
